 Dungeon Crawl Stone Soup version 0.30.0-20-g3615ddf2f0 (webtiles) character file.

Game seed: 3877565971574374195

1468 qw the Cleaver (level 8, -1/51 HPs)
             Began as a Gargoyle Fighter on May 29, 2023.
             Was an Initiate of Okawaru.
             Slain by a two-headed ogre
             ... wielding a +0 giant club
              (20 damage)
             ... on level 6 of the Dungeon.
             The game lasted 00:02:45 (4989 turns).

qw the Cleaver (Gargoyle Fighter)                   Turns: 4989, Time: 00:02:46

Health: -1/51      AC: 18    Str: 20    XL:     8   Next: 77%
Magic:  9/9        EV:  7    Int:  9    God:    Okawaru [......]
Gold:   125        SH:  4    Dex:  9    Spells: 7/7 levels left

rFire   . . .        Y - +1 war axe
rCold   . . .        c - +0 buckler
rNeg    + . .        e - +0 plate armour
rPois   inf          (helmet restricted)
rElec   +            l - +0 cloak
rCorr   .            (no gloves)
SInv    .            (no boots)
Will    .....        (no amulet) Stlth
                     (no ring)
HPRegen 0.28/turn    (no ring)
MPRegen 0.11/turn

%: no passive effects
@: no status effects
A: sickness immunity, AC +5, negative energy resistance 1, electricity
resistance, torment resistance 1, petrification resistance, horns 1, weak 1,
sturdy frame 1
a: Renounce Religion


You were on level 6 of the Dungeon.
You worshipped Okawaru.
Okawaru was noncommittal.
You visited 2 branches of the dungeon, and saw 7 of its levels.

You collected 321 gold pieces.
You spent 196 gold pieces at shops.


Innate Abilities, Weirdness & Mutations

You are immune to sickness and miasma.
Your stone body is resilient. (AC +5)
You are immune to poison.
You resist negative energy. (rN+)
You are resistant to electric shocks. (rElec)
You are resistant to unholy torment.
You are immune to petrification.
You have a pair of small horns on your head.
You are weak. (Str -2)
Your movements are slightly less encumbered by armour. (ER -2)


   Skills:
 - Level 6.2 Fighting
 - Level 8.0 Axes
 + Level 4.7 Armour
 - Level 1.1 Dodging
 - Level 3.2 Shields
 - Level 1.5 Invocations


You had 7 spell levels left.
You didn't know any spells.
Your spell library was empty.

Inventory:

Hand Weapons
 b - a +0 flail
 k - a +0 hand axe of holy wrath
 Y - a +1 war axe (weapon)
Armour
 c - a +0 buckler (worn)
 e - a +0 plate armour (worn)
 h - a +2 kite shield
 l - a +0 cloak (worn)
Scrolls
 a - 3 scrolls of amnesia {unknown}
 g - a scroll of noise {unknown}
 j - a scroll of identify
 r - 5 scrolls of teleportation
Potions
 d - 4 potions of might
 f - 2 potions of heal wounds
 i - 3 potions of lignification
 m - a potion of attraction
 n - 3 potions of mutation
 p - a potion of haste

Dungeon Overview and Level Annotations

Branches:
Dungeon (6/15)             Temple (1/1) D:5

Altars:
Ashenzari
Cheibriados
Dithmenos
Elyvilon
Gozag
Hepliaklqana
Kikubaaqudgha
Makhleb
Okawaru
Ru
Sif Muna
Trog
Uskayaw
Vehumet
Wu Jian
Xom
Zin

Shops:
D:4 !


Message History

You slash the ufetubus!
You kill the ufetubus!
Okawaru accepts your kill.
You start resting.
HP restored.
h - a +2 kite shield
Items here: )) [[.
Enter note:
Enter note:
Found a club.
Enter note:
Enter note:
Found 2 poisoned darts.
Enter note:
Enter note:
Found a ring mail.
Enter note:
Enter note:
There is an open door here.
A white imp comes into view.
The white imp shouts!
You hear a shout!
A two-headed ogre comes into view.
It is wielding a +0 giant club and a +0 giant spiked club.
A centaur comes into view.
Enter note:
Enter note:
Enter note:
Enter note:
Enter note:
Enter note: You slash the two-headed ogre!
The two-headed ogre is lightly wounded.
The two-headed ogre hits you with a +0 giant club!!
The two-headed ogre hits you with a +0 giant spiked club!
The white imp barely misses you.
You hit the two-headed ogre but do no damage.
Your headbutt misses the two-headed ogre.
The two-headed ogre is lightly wounded.
You hit the white imp.
The two-headed ogre hits you with a +0 giant club!!
You die...

#.....[.#....#.........
###...######.#####.###.
#############...# #.#
#.# ## ...............##
#.# #.# ################
##.## #.# ..... ##...##
#.# #.#.# #..[..# #.#
...
#############'##########
#.#
.....cO@................
##.#.#5#.#.#.#.#.#.#.#.#
.....#.(...).#......
#####################


You could see a two-headed ogre, a centaur and a white imp.

Vanquished Creatures
  Sigmund (D:2)
  A sky beast (D:6)
  2 ogres (D:6)
  2 centaurs
  2 phantoms
  Blork the orc (D:6)
  A gnoll sergeant (D:6)
  2 hounds
  A jelly (D:6)
  An orc priest (D:6)
  Jessica (D:2)
  2 gnoll boudas
  2 iguanas
  A sleepcap (D:5)
  2 orc wizards (D:6)
  Robin (D:2)
  8 gnolls
  5 adders
  2 shadow imps
  A white imp (D:6)
  3 ufetubi (D:6)
  2 worms (D:3)
  5 dart slugs
  7 orcs
  4 endoplasms
  3 giant cockroaches
  14 goblins
  5 hobgoblins
  8 ball pythons
  11 bats
  7 frilled lizards
  5 kobolds
  6 rats
119 creatures vanquished.

Notes
Turn   | Place    | Note
-------+----------+-------------------------------------------
     0 | D:1      | qw the Gargoyle Fighter began the quest for the Orb.
     0 | D:1      | Reached XP level 1. HP: 14/14 MP: 1/1
     0 | D:1      | 0 ||| qw: Version: 0.2-a-102-g2b76a06
     0 | D:1      | 0 ||| qw: Game counter: 405
     0 | D:1      | 0 ||| qw: Always use a shield: true
     0 | D:1      | 0 ||| qw: God list: Okawaru
     0 | D:1      | 0 ||| qw: Allow faded altars: false
     0 | D:1      | 0 ||| qw: Do Orc after D:15 true
     0 | D:1      | 0 ||| qw: Do second Lair branch before Depths: true
     0 | D:1      | 0 ||| qw: Lair rune preference: random
     0 | D:1      | 0 ||| qw: Plans: Normal, Zot:1-4, Slime:5, God:TSO, Crypt,
                  | Tomb, Pan, Hells, Abyss, Win
     0 | D:1      | 0 ||| PLANNING D:1-11
    92 | D:1      | 92 ||| Stepping ~*~*~tactically~*~*~ (stealth).
    93 | D:1      | 93 ||| Stepping ~*~*~tactically~*~*~ (stealth).
   200 | D:1      | Reached skill level 2 in Axes
   332 | D:1      | Reached XP level 2. HP: 19/19 MP: 2/2
   475 | D:1      | 475 ||| Stepping ~*~*~tactically~*~*~ (hiding).
   515 | D:1      | Found a faded altar of an unknown god.
   642 | D:1      | Reached skill level 3 in Axes
   767 | D:1      | 767 ||| UPGRADING to +0 helmet.
   772 | D:1      | 772 ||| UPGRADING to +0 cloak.
   777 | D:1      | 777 ||| READING scroll labelled QIWNEY BYSHEPU.
   778 | D:1      | 778 ||| READING scroll labelled OREYFAWUI.
   782 | D:1      | 782 ||| DRINKING 2 coppery potions.
   783 | D:1      | 783 ||| DRINKING 2 clear potions.
   784 | D:1      | 784 ||| DRINKING 2 cyan potions.
   784 | D:1      | Gained mutation: You have a pair of small horns on your
                  | head. [potion of mutation]
   784 | D:1      | Gained mutation: You are weak. (Str -2) [potion of
                  | mutation]
   784 | D:1      | Gained mutation: Your movements are slightly less
                  | encumbered by armour. (ER -2) [potion of mutation]
   785 | D:1      | 785 ||| DROPPING +0 helmet.
   786 | D:1      | 786 ||| DROPPING potion of invisibility.
   825 | D:2      | Reached XP level 3. HP: 20/23 MP: 3/3
   885 | D:2      | Noticed Sigmund
   886 | D:2      | 886 ||| Stepping ~*~*~tactically~*~*~ (hiding).
   897 | D:2      | Killed Sigmund
   898 | D:2      | Reached skill level 5 in Axes
   898 | D:2      | Reached XP level 4. HP: 26/28 MP: 4/4
   898 | D:2      | Reached XP level 5. HP: 30/32 MP: 5/5
  1092 | D:2      | Noticed Jessica
  1100 | D:2      | Killed Jessica
  1317 | D:2      | Noticed Robin
  1324 | D:2      | Reached XP level 6. HP: 29/38 MP: 6/6
  1337 | D:2      | Killed Robin
  1343 | D:2      | 1343 ||| FLEEEEING.
  1344 | D:2      | 1344 ||| FLEEEEING.
  1345 | D:2      | 1345 ||| FLEEEEING.
  1346 | D:2      | 1346 ||| FLEEEEING.
  1347 | D:2      | 1347 ||| FLEEEEING.
  1353 | D:2      | 1353 ||| FLEEEEING.
  1354 | D:2      | 1354 ||| FLEEEEING.
  1355 | D:2      | 1355 ||| FLEEEEING.
  1356 | D:2      | 1356 ||| FLEEEEING.
  1357 | D:2      | 1357 ||| FLEEEEING.
  1358 | D:2      | 1358 ||| FLEEEEING.
  1359 | D:2      | 1359 ||| FLEEEEING.
  1360 | D:2      | 1360 ||| FLEEEEING.
  1361 | D:2      | 1361 ||| FLEEEEING.
  1362 | D:2      | 1362 ||| FLEEEEING.
  1363 | D:2      | 1363 ||| FLEEEEING.
  1617 | D:2      | 1617 ||| UPGRADING to +0 chain mail.
  1627 | D:2      | 1627 ||| DROPPING +0 scale mail.
  1628 | D:2      | 1628 ||| READING scroll labelled XEOSOI GYPUPHUY.
  1629 | D:2      | 1629 ||| READING scroll labelled EDUIST PUSKU.
  1630 | D:2      | 1630 ||| READING scroll labelled ADABBO UNTAE.
  1631 | D:2      | 1631 ||| READING scroll labelled SET JACELONN.
  1632 | D:2      | 1632 ||| READING scroll labelled IPETAL EGEATU.
  1633 | D:2      | 1633 ||| READING scroll labelled NAEZOS UTHRUPT.
  1634 | D:2      | 1634 ||| READING scroll labelled LACROTYCAA.
  1701 | D:3      | 1701 ||| Stepping ~*~*~tactically~*~*~ (hiding).
  1702 | D:3      | 1702 ||| Stepping ~*~*~tactically~*~*~ (hiding).
  1779 | D:3      | 1779 ||| DROPPING +0 whip.
  1790 | D:3      | 1790 ||| Stepping ~*~*~tactically~*~*~ (hiding).
  1792 | D:3      | 1792 ||| Stepping ~*~*~tactically~*~*~ (hiding).
  1796 | D:3      | 1796 ||| Stepping ~*~*~tactically~*~*~ (hiding).
  1992 | D:3      | 1992 ||| Stepping ~*~*~tactically~*~*~ (stealth).
  2020 | D:3      | 2020 ||| Stepping ~*~*~tactically~*~*~ (stealth).
  2306 | D:3      | 2306 ||| DROPPING ring of flight.
  2307 | D:3      | 2307 ||| READING scroll labelled IMOIVO ZEIVE.
  2338 | D:3      | 2338 ||| READING 2 scrolls of identify.
  2338 | D:3      | 2338 ||| IDENTIFYING bubbling yellow potion
  2372 | D:4      | Found Junkufua's Distillery.
  2378 | D:4      | 2378 ||| BUYING 2 potions of lignification (84 gold).
  2378 | D:4      | Bought 2 potions of lignification for 84 gold pieces
  2378 | D:4      | 2378 ||| BUYING 2 potions of might (112 gold).
  2378 | D:4      | Bought 2 potions of might for 112 gold pieces
  2378 | D:4      | 2378 ||| SHOPLISTING potion of haste (140 gold, have 28).
  2378 | D:4      | 2378 ||| SHOPLISTING potion of heal wounds (70 gold, have
                  | 28).
  2378 | D:4      | 2378 ||| SHOPLISTING potion of lignification (42 gold, have
                  | 28).
  2378 | D:4      | 2378 ||| SHOPLISTING potion of might (56 gold, have 28).
  2378 | D:4      | 2378 ||| SHOPLISTING potion of resistance (140 gold, have
                  | 28).
  2391 | D:4      | 2391 ||| Stepping ~*~*~tactically~*~*~ (hiding).
  2631 | D:4      | Found an opulent altar of Gozag.
  2943 | D:4      | 2943 ||| UPGRADING to +0 plate armour.
  2953 | D:4      | 2953 ||| DROPPING +0 chain mail.
  2954 | D:4      | 2954 ||| DRINKING 3 smoky orange potions.
  2955 | D:4      | 2955 ||| READING 2 scrolls of identify.
  2955 | D:4      | 2955 ||| IDENTIFYING silvery potion
  2956 | D:4      | 2956 ||| DROPPING potion of berserk rage.
  2957 | D:4      | 2957 ||| DROPPING 2 potions of flight.
  2968 | D:5      | Entered Level 5 of the Dungeon
  3138 | D:5      | Reached skill level 6 in Axes
  3286 | D:5      | Found a staircase to the Ecumenical Temple.
  3287 | D:5      | 3287 ||| PLANNING TEMPLE
  3287 | D:5      | 3287 ||| UPGRADING to amulet of guardian spirit.
  3292 | D:5      | 3292 ||| READING scroll labelled QAT NOLUCS.
  3298 | Temple   | Entered the Ecumenical Temple
  3358 | Temple   | 3358 ||| PLANNING OKAWARU WORSHIP
  3402 | Temple   | Became a worshipper of Warmaster Okawaru
  3402 | Temple   | 3402 ||| PLANNING D:1-11
  3403 | Temple   | 3403 ||| REMOVING amulet of guardian spirit.
  3408 | Temple   | 3408 ||| DROPPING amulet of guardian spirit.
  3559 | D:5      | Reached XP level 7. HP: 39/43 MP: 7/7
  4080 | D:5      | 4080 ||| READING scroll labelled JODAVY AHAEST.
  4081 | D:5      | 4081 ||| DRINKING 2 sedimented ruby potions.
  4082 | D:5      | 4082 ||| READING 3 scrolls of identify.
  4082 | D:5      | 4082 ||| IDENTIFYING grey potion
  4083 | D:5      | 4083 ||| READING 2 scrolls of identify.
  4083 | D:5      | 4083 ||| IDENTIFYING murky red potion
  4084 | D:5      | 4084 ||| DROPPING potion of degeneration.
  4085 | D:5      | 4085 ||| DROPPING potion of brilliance.
  4254 | D:6      | 4254 ||| Stepping ~*~*~tactically~*~*~ (hiding).
  4259 | D:6      | 4259 ||| DRINKING potion of curing.
  4259 | D:6      | 4259 ||| (to cure confusion)
  4277 | D:6      | Reached skill level 7 in Axes
  4277 | D:6      | 4277 ||| FLEEEEING.
  4279 | D:6      | 4279 ||| FLEEEEING.
  4280 | D:6      | 4280 ||| FLEEEEING.
  4281 | D:6      | 4281 ||| FLEEEEING.
  4282 | D:6      | 4282 ||| FLEEEEING.
  4283 | D:6      | 4283 ||| FLEEEEING.
  4284 | D:6      | 4284 ||| FLEEEEING.
  4285 | D:6      | 4285 ||| FLEEEEING.
  4286 | D:6      | 4286 ||| FLEEEEING.
  4287 | D:6      | 4287 ||| FLEEEEING.
  4288 | D:6      | 4288 ||| FLEEEEING.
  4289 | D:6      | 4289 ||| FLEEEEING.
  4315 | D:6      | 4315 ||| Stepping ~*~*~tactically~*~*~ (hiding).
  4316 | D:6      | 4316 ||| Stepping ~*~*~tactically~*~*~ (hiding).
  4318 | D:6      | 4318 ||| Stepping ~*~*~tactically~*~*~ (hiding).
  4319 | D:6      | 4319 ||| Stepping ~*~*~tactically~*~*~ (hiding).
  4320 | D:6      | 4320 ||| Stepping ~*~*~tactically~*~*~ (stealth).
  4432 | D:6      | 4432 ||| Stepping ~*~*~tactically~*~*~ (stealth).
  4461 | D:6      | Reached * piety under Okawaru
  4462 | D:6      | Reached XP level 8. HP: 45/49 MP: 8/8
  4477 | D:6      | 4477 ||| Stepping ~*~*~tactically~*~*~ (stealth).
  4478 | D:6      | 4478 ||| Stepping ~*~*~tactically~*~*~ (stealth).
  4479 | D:6      | 4479 ||| INVOKING Heroism.
  4480 | D:6      | 4480 ||| Stepping ~*~*~tactically~*~*~ (hiding).
  4486 | D:6      | Reached skill level 1 in Dodging
  4524 | D:6      | Noticed Blork the orc
  4525 | D:6      | 4525 ||| INVOKING Heroism.
  4536 | D:6      | Killed Blork the orc
  4578 | D:6      | 4578 ||| Stepping ~*~*~tactically~*~*~ (stealth).
  4617 | D:6      | Reached skill level 8 in Axes
  4617 | D:6      | Reached skill level 1 in Invocations
  4618 | D:6      | 4618 ||| INVOKING Heroism.
  4659 | D:6      | 4659 ||| Stepping ~*~*~tactically~*~*~ (hiding).
  4768 | D:6      | 4768 ||| INVOKING Heroism.
  4845 | D:6      | 4845 ||| Stepping ~*~*~tactically~*~*~ (stealth).
  4852 | D:6      | Reached skill level 6 in Fighting
  4862 | D:6      | 4862 ||| INVOKING Heroism.
  4985 | D:6      | Noticed a two-headed ogre
  4989 | D:6      | Slain by a two-headed ogre

Levels and vault maps discovered:
D:1:      lightli_arrival_flooded_house, layout_loops_ring,
          hellmonk_ecumenical_altar_inner_sanctum, chequers_decorated_corner
D:2:      layout_basic, uniq_robin, uniq_sigmund, uniq_jessica
D:3:      layout_rooms
D:4:      layout_cave_pools, nicolae_gozag_seed_capital, serial_shops,
          nicolae_shop_just_a_little_nook
D:5:      layout_loops_corners, minmay_temple_entry_arrows, grunt_decor_cap
D:6:      layout_loops_ring, serial_demonic, serial_demonic_g, serial_demonic_a,
          serial_demonic_b, serial_demonic_c, hangedman_minor_gate_pass,
          uniq_edmund, uniq_maggie, uniq_blork_the_orc
Temple:   kb_temple_of_zot

Skill      XL: |  1  2  3  4  5  6  7  8 |
---------------+-------------------------+-----
Axes           | 2 3 5 6 7 8 |  8.0
Fighting       | 4 5 6 |  6.2
Armour         | 4 |  4.7
Dodging        | 1 |  1.1
Invocations    | 1 |  1.5
Shields        | |  3.2

Action                     |  1- 3 |  4- 6 |  7- 9 || total
---------------------------+-------+-------+-------++-------
  Melee: War axe           |    78 |   177 |   140 ||   395
         Headbutt          |     1 |    25 |    14 ||    40
 Invoke: Heroism           |       |       |     5 ||     5
    Use: Potion            |     3 |     1 |     2 ||     6
         Scroll            |     2 |    11 |     3 ||    16
 Armour: Scale mail        |    32 |    22 |       ||    54
         Chain mail        |       |    62 |       ||    62
         Plate armour      |       |    10 |    95 ||   105
  Dodge: Dodged            |    27 |    87 |    54 ||   168
  Block: Buckler           |    10 |    26 |    30 ||    66

Table legend:
 A = Non-vault XP
 B = Vault XP
 C = Vault XP percentage of total XP
 D = Non-vault monster count
 E = Vault monster count
 F = Vault count percentage of total count
                 A         B        C        D         E       F
            +---------+---------+-------+---------+---------+-------
      Total |    1450 |     648 |  30.9 |      96 |      23 |  19.3
            +---------+---------+-------+---------+---------+-------
        D:1 |      32 |       0 |   0.0 |      20 |       0 |   0.0
        D:2 |      36 |     294 |  89.1 |      16 |      14 |  46.7
        D:3 |     143 |       0 |   0.0 |      27 |       0 |   0.0
        D:4 |      43 |       0 |   0.0 |       9 |       0 |   0.0
        D:5 |     369 |       0 |   0.0 |       7 |       0 |   0.0
        D:6 |     827 |     354 |  30.0 |      17 |       9 |  34.6
            +---------+---------+-------+---------+---------+-------
